 Dungeon Crawl Stone Soup version 0.22.1-6-g1668fe2c40 (webtiles) character file.

3124 Revguard the Cutter (level 9, 0/74 HPs)
             Began as a Pale Draconian Gladiator on Jan 27, 2019.
             Was a Priest of Dithmenos.
             Killed from afar by an electric eel (10 damage)
             ... with a bolt of electricity
             ... on level 7 of the Dungeon.
             The game lasted 00:38:42 (7563 turns).

Revguard the Cutter (Pale Draconian Gladiator)      Turns: 7563, Time: 00:38:43

Health: 0/74       AC: 13    Str: 16    XL:     9   Next: 60%
Magic:  12/12      EV: 15    Int: 11    God:    Dithmenos [***...]
Gold:   168        SH:  0    Dex: 14    Spells: 8/8 levels left

rFire    . . .     SeeInvis .   q - +4 short sword of the Gnat {speed, +Blink +Inv +Fly rPois}
rCold    . . .     Gourm    .   (no shield)
rNeg     + . .     Faith    .   (armour unavailable)
rPois    +         Spirit   .   b - +0 hat
rElec    .         Reflect  .   m - +0 cloak
rCorr    .         Harm     .   F - +0 pair of gloves of the Foremost Princes {-Cast rPois rN+ Int+2}
MR       +....     NoCast   +   B - +1 pair of boots
Stlth    ++........             (no amulet)
HPRegen  0.22/turn              g - ring of protection from magic
MPRegen  0.13/turn              a - +2 ring of protection

@: confused, wreathed by umbra
A: breathe steam, unfitting armour, horns 1, talons 1, weak 1, cold-blooded,
MP-powered wands, AC +7
a: Breathe Steam, Shadow Step, Renounce Religion, Evoke Blink, Evoke
Invisibility, Evoke Flight


You were on level 7 of the Dungeon.
You worshipped Dithmenos.
Dithmenos was most pleased with you.
You were very hungry.

You visited 1 branch of the dungeon, and saw 7 of its levels.

You collected 368 gold pieces.
You spent 200 gold pieces at shops.

Inventory:

Hand Weapons
 h - a +0 blowgun
 q - the +4 short sword of the Gnat (weapon) {speed, +Blink +Inv +Fly rPois}
   (You bought it in a shop on level 4 of the Dungeon)

   Attacks with this weapon are significantly faster.
   It protects you from poison.
   It lets you turn invisible.
   It lets you fly.
   It lets you blink.
 s - a +2 dagger of venom
Missiles
 c - 4 throwing nets
 k - 42 poisoned needles (quivered)
Armour
 b - a +0 hat (worn)
 m - a +0 cloak (worn)
 B - a +1 pair of boots (worn)
 F - the +0 pair of gloves of the Foremost Princes (worn) {-Cast rPois rN+ Int+2}
   (You found it on level 7 of the Dungeon)

   It affects your intelligence (+2).
   It protects you from poison.
   It protects you from negative energy.
   It prevents spellcasting.
Jewellery
 a - a +2 ring of protection (right hand)
 g - a ring of protection from magic (left hand)
Wands
 r - a wand of disintegration (11)
 x - a wand of flame (7)
 y - a wand of acid (2)
 z - a wand of iceblast (3)
Scrolls
 e - 9 scrolls of remove curse
 i - a scroll of fog
 n - a scroll of magic mapping
 t - 3 scrolls of teleportation {unknown}
 u - 3 scrolls of amnesia {unknown}
 C - 4 scrolls of identify
 D - a scroll of brand weapon {unknown}
Potions
 f - 2 potions of invisibility {unknown}
 j - 3 potions of flight
 l - 3 potions of might
 p - a potion of lignification {unknown}
 v - 2 potions of ambrosia
 w - 2 potions of curing {unknown}
 A - 2 potions of brilliance {unknown}
 E - a potion of heal wounds {unknown}
Comestibles
 d - 14 rations


   Skills:
 + Level 5.2 Fighting
 + Level 7.5(8.2) Short Blades
   Level 4.8(6.8) Long Blades
 - Level 1.7 Throwing
 + Level 5.6 Dodging
 * Level 6.3 Stealth
 * Level 4.5 Evocations


You had 8 spell levels left.
You didn't know any spells.
Your spell library contained the following spells:

 Spells                   Type           Power        Failure   Level  Hunger
 Animate Skeleton         Necr           N/A          34%         1    ##.....
 Beastly Appendage        Tmut           #.....       34%         1    ##.....
 Pain                     Necr           #...         34%         1    ##.....
 Call Canine Familiar     Summ           #.......     71%         3    ####...
 Regeneration             Chrm/Necr      #.........   71%         3    ####...
 Vampiric Draining        Necr           #.........   71%         3    ####...
 Animate Dead             Necr           N/A          98%         4    #####..
 Alistair's Intoxication  Tmut/Pois      #.......     100%        5    ######.
 Irradiate                Conj/Tmut      #.........   100%        5    ######.
 Statue Form              Tmut/Erth      #........    100%        6    #######


Dungeon Overview and Level Annotations

Branches:
Dungeon (7/15)             Temple (0/1) D:6

Altars:
Dithmenos
Elyvilon
Makhleb
Qazlal
Wu Jian

Shops:
D:4 (%[((=:!   D:5 **:(


Innate Abilities, Weirdness & Mutations

You can breathe blasts of scalding, opaque steam.
Your pale cyan-grey scales are hard. (AC +7)
You cannot fit into any form of body armour.
You are cold-blooded and may be slowed by cold attacks.
You have a pair of small horns on your head.
You have sharp toenails.
You are weak. (Str -2)
You expend magic power (3 MP) to strengthen your wands.


Message History

The electric eel is moderately wounded.
An electric eel comes into view.
Evoke which item? (* to show all) (? for menu, Esc to quit)
You're too confused!
The electric eel shoots out a bolt of lightning at you!
The bolt of electricity hits you!
The electric eel shoots out a bolt of lightning at you!
The bolt of electricity hits you!
* * * LOW HITPOINT WARNING * * *
The electric eel shoots out a bolt of lightning at you!
The bolt of electricity hits you!
* * * LOW HITPOINT WARNING * * *
The bolt of electricity misses you.
You hit the plant. You headbutt the plant!
The plant is heavily damaged.
The electric eel shoots out a bolt of lightning at you!
The bolt of electricity misses you. x2
The electric eel shoots out a bolt of lightning at you!
The bolt of electricity hits you!
You die...

#.≈♣≈P≈≈≈≈≈≈≈≈≈
#.≈♣≈P≈≈≈≈≈≈≈≈≈
#.♣♣≈≈≈≈≈≈≈≈≈≈≈
#.≈≈≈≈≈;≈≈≈≈≈≈≈
#.#♣≈≈;≈;≈≈≈≈≈♣
#.#≈≈≈≈≈≈≈≈≈≈≈♣
#.#♣≈♣≈♣≈≈≈≈≈≈≈
#.#P≈≈≈≈P≈≈≈♣≈
#..@≈≈P≈P≈≈≈≈P♣
###.♣≈≈≈♣≈P♣≈≈♣
#.#≈≈≈≈≈≈P≈♣#
#.##≈P≈≈≈≈≈♣
##.##♣≈≈≈≈≈♣#
#..# #♣♣≈♣♣.
#.## ♣≈..# #.#
.. #.#


You could see 3 electric eels.

Vanquished Creatures
  Grinder (D:5)
  Sigmund (D:5)
  A water moccasin (D:7)
  2 orc warriors (D:6)
  A black bear (D:6)
  A sky beast (D:7)
  2 phantoms
  3 ogres (D:4)
  A centaur (D:5)
  2 bullfrogs
  A gnoll sergeant (D:6)
  2 scorpions
  2 howler monkeys (D:4)
  An electric eel (D:7)
  A bullfrog zombie (D:6)
  4 crimson imps
  A hound (D:5)
  4 orc priests (D:6)
  A bullfrog skeleton (D:5)
  A gnoll shaman (D:6)
  A centaur skeleton (D:5)
  Ijyb (D:4)
  Terence (D:2)
  An iguana (D:5)
  2 orc wizards
  3 worker ants
  A hound skeleton (D:6)
  48 gnolls
  A worker ant zombie (D:6)
  8 adders
  A howler monkey skeleton (D:4)
  3 shadow imps
  2 oozes
  An adder skeleton (D:5)
  A worm (D:2)
  2 dart slugs
  3 leopard geckos
  25 orcs
  5 giant cockroaches
  8 goblins
  7 hobgoblins
  29 jackals
  13 kobolds
  2 quokkas
  2 ball pythons
  4 bats
  3 frilled lizards
  A jackal skeleton (D:4)
  A leopard gecko skeleton (D:5)
  A quokka skeleton (D:6)
  2 quokka zombies (D:6)
  16 rats
232 creatures vanquished.

Notes
Turn   | Place    | Note
-------+----------+-------------------------------------------
     0 | D:1      | Revguard the Draconian Gladiator began the quest for the
                  | Orb.
     0 | D:1      | Reached XP level 1. HP: 17/17 MP: 1/1
    21 | D:1      | Reached XP level 2. HP: 8/24 MP: 2/2
   699 | D:2      | Noticed Terence
   717 | D:2      | Killed Terence
   717 | D:2      | Reached XP level 3. HP: 28/30 MP: 3/3
  1245 | D:2      | Found a shadowy altar of Dithmenos.
  1252 | D:2      | Became a worshipper of Dithmenos the Shadowed
  1396 | D:2      | Reached XP level 4. HP: 10/37 MP: 4/4
  2290 | D:3      | Reached skill level 1 in Stealth
  2439 | D:3      | Reached XP level 5. HP: 36/42 MP: 5/5
  2453 | D:3      | Reached * piety under Dithmenos
  2535 | D:3      | Found an ornate altar of the Wu Jian Council.
  2537 | D:3      | Found a stormy altar of Qazlal.
  2863 | D:4      | Reached skill level 1 in Short Blades
  2898 | D:4      | Noticed Ijyb
  2910 | D:4      | Killed Ijyb
  2935 | D:4      | Noticed an ogre
  2959 | D:4      | Killed an ogre
  2959 | D:4      | Reached XP level 6. HP: 42/51 MP: 6/6
  2973 | D:4      | Found Amin's Distillery.
  2995 | D:4      | Reached skill level 2 in Short Blades
  3255 | D:4      | Found Dojag's Book Shoppe.
  3255 | D:4      | Found Migeth's Jewellery Shoppe.
  3261 | D:4      | Found Riwagidd's Antique Weapon Shoppe.
  3263 | D:4      | Found Kahuc's Weapon Shoppe.
  3300 | D:4      | Reached skill level 3 in Short Blades
  3300 | D:4      | Your scales start taking on a pale cyan-grey colour.
  3300 | D:4      | Reached skill level 1 in Evocations
  3300 | D:4      | Reached XP level 7. HP: 15/57 MP: 7/7
  3545 | D:4      | Found Xizuesk's Food Shop.
  3765 | D:4      | Found Wioblik's Antique Armour Boutique.
  3905 | D:4      | Found a burning altar of Makhleb.
  3931 | D:4      | Reached skill level 4 in Short Blades
  4020 | D:4      | Found Laelorus's Antique Weapon Shoppe.
  4037 | D:4      | Bought a twisted short sword for 200 gold pieces
  4038 | D:4      | Identified the +4 short sword of the Gnat {speed, +Blink
                  | +Inv +Fly rPois} (You bought it in a shop on level 4 of the
                  | Dungeon)
  4163 | D:5      | Entered Level 5 of the Dungeon
  4248 | D:5      | Found Qasaa's Antique Weapon Emporium.
  4251 | D:5      | Reached skill level 5 in Short Blades
  4282 | D:5      | Reached ** piety under Dithmenos
  4310 | D:5      | Found Nexkuhiy's Book Shoppe.
  4487 | D:5      | Reached XP level 8. HP: 54/66 MP: 9/9
  4604 | D:5      | Gained mutation: You expend magic power (3 MP) to
                  | strengthen your wands. [potion of mutation]
  4604 | D:5      | Gained mutation: You have a pair of small horns on your
                  | head. [potion of mutation]
  4604 | D:5      | Gained mutation: Your flesh is heat resistant. (rF+)
                  | [potion of mutation]
  4605 | D:5      | Lost mutation: You have a pair of small horns on your head.
                  | [potion of mutation]
  4605 | D:5      | Lost mutation: Your flesh is heat resistant. (rF+) [potion
                  | of mutation]
  4605 | D:5      | Gained mutation: You are weak. (Str -2) [potion of
                  | mutation]
  4605 | D:5      | Gained mutation: You have sharp toenails. [potion of
                  | mutation]
  4605 | D:5      | Gained mutation: You have a pair of small horns on your
                  | head. [potion of mutation]
  4921 | D:5      | Noticed Grinder
  4934 | D:5      | Paralysed by Grinder for 2 turns
  4937 | D:5      | Killed Grinder
  4937 | D:5      | Reached skill level 5 in Dodging
  4942 | D:5      | Found Opeimeso's Assorted Antiques.
  5054 | D:5      | Found Unleijups's Assorted Antiques.
  5153 | D:5      | Noticed Sigmund
  5165 | D:5      | Killed Sigmund
  5165 | D:5      | Reached skill level 6 in Short Blades
  5345 | D:5      | Found a white marble altar of Elyvilon.
  5518 | D:6      | Reached *** piety under Dithmenos
  5549 | D:6      | Reached skill level 5 in Stealth
  5664 | D:6      | Reached XP level 9. HP: 49/72 MP: 11/11
  6120 | D:6      | Found a staircase to the Ecumenical Temple.
  6334 | D:6      | Reached **** piety under Dithmenos
  6372 | D:6      | Reached skill level 7 in Short Blades
  6461 | D:6      | Reached skill level 5 in Fighting
  6506 | D:6      | Identified the Reference Book on Calling and Transmutation
  6976 | D:7      | Got a pair of steaming gloves
  6982 | D:7      | Identified the +0 pair of gloves of the Foremost Princes
                  | {-Cast rPois rN+ Int+2} (You found it on level 7 of the
                  | Dungeon)
  7563 | D:7      | Killed from afar by an electric eel

Skill      XL: |  1  2  3  4  5  6  7  8  9 |
---------------+----------------------------+-----
Long Blades    | 4 |  4.8
Dodging        | 3 4 5 |  5.6
Stealth        | 1 2 5 6 |  6.3
Short Blades   | 1 3 5 6 7 |  7.5
Fighting       | 3 4 5 |  5.2
Evocations     | 1 3 4 |  4.5
Throwing       | |  1.7

Action                   |  1- 3 |  4- 6 |  7- 9 || total
-------------------------+-------+-------+-------++-------
Melee: Long sword        |    47 |       |       ||    47
       Tailslap          |    10 |    21 |    80 ||   111
       Dagger            |     5 |   146 |    67 ||   218
       Short sword       |       |       |   452 ||   452
       Headbutt          |       |       |    57 ||    57
 Fire: Blowgun           |       |       |     5 ||     5
Invok: Shadow Step       |       |       |     3 ||     3
 Abil: Breathe Steam     |       |       |     2 ||     2
       Evoke Invisibilit |       |       |     4 ||     4
Evoke: Wand              |     1 |     4 |     5 ||    10
  Use: Scroll            |       |     2 |     7 ||     9
       Potion            |       |       |     3 ||     3
 Stab: Sleeping          |       |     1 |    21 ||    22
       Distracted        |       |     1 |       ||     1
       Invisible         |       |       |     4 ||     4
  Eat: Chunk             |     1 |     7 |    14 ||    22
Armor: Skin              |    14 |    35 |    75 ||   124
Dodge: Dodged            |    55 |    90 |   274 ||   419
       Rpst.: Long sword |    19 |       |       ||    19
